 Dungeon Crawl Stone Soup version 0.31-a0-263-ge8cad7f256 (webtiles) character file.

Game seed: 17020057072445219639

20094 drugrobin the Fighter (level 12, -1/124 HPs)
             Began as a Demigod Delver on July 12, 2023.
             Slain by an elephant (2 damage)
             ... on level 2 of the Lair of Beasts on July 13, 2023.
             The game lasted 01:10:59 (17916 turns).

drugrobin the Fighter (Demigod Delver)             Turns: 17916, Time: 01:11:00

Health: -1/124     AC: 13    Str: 30    XL:     12   Next: 14%
Magic:  28/28      EV: 15    Int: 12    God:
Gold:   1187       SH:  0    Dex: 19    Spells: 16/26 levels left

rFire   . . .        a - melded +0 trident (freeze)
rCold   . . .        (shield currently unavailable)
rNeg    . . .        U - melded +0 steam dragon scales
rPois   .            h - melded +1 hat
rElec   .            w - melded +0 cloak
rCorr   .            l - melded +0 pair of gloves
SInv    .            (boots currently unavailable)
Will    +....        (no amulet)
Stlth   +++          D - +4 ring of protection
HPRegen 0.40/turn    Q - ring of wizardry
MPRegen 0.21/turn

%: wizardry (x1)
@: snake-form, studying Spellcasting
A: constrict, amphibious, boosted hp, large, high MP 1, forlorn, divine
attributes
a: Begin Untransformation


You were on level 2 of the Lair of Beasts.
You were an enormous anaconda.
You visited 2 branches of the dungeon, and saw 13 of its levels.
You also visited: Sewer and Bailey.

You collected 1372 gold pieces.
You spent 185 gold pieces at shops.

Inventory:

Hand Weapons
 a - a +0 trident of freezing (melded)
 b - a +2 dagger of venom
 N - a +1 bardiche of freezing
 T - a +0 hand axe of flaming
Missiles
 C - 5 curare-tipped darts
 S - 2 throwing nets
Armour
 h - a +1 hat (melded)
 l - a +0 pair of gloves (melded)
 w - a +0 cloak (melded)
 U - +0 steam dragon scales (melded)
Jewellery
 x - a ring of see invisible
 D - a +4 ring of protection (left hand)
 I - a ring of poison resistance
 Q - a ring of wizardry (right hand)
 Z - a ring of fire
Talismans
 A - a beast talisman
 H - a serpent talisman
Wands
 f - a wand of iceblast (4)
 g - a wand of digging (2)
 s - a wand of flame (46)
 R - a wand of paralysis (1)
Scrolls
 c - 2 scrolls of fog
 d - a scroll of revelation
 n - 5 scrolls of teleportation
 o - 5 scrolls of immolation
 r - a scroll of torment
 E - a scroll of poison
 P - a scroll of vulnerability
 V - 2 scrolls of identify
 Y - a scroll of blinking
Potions
 j - 6 potions of enlightenment
 p - 5 potions of curing
 q - 2 potions of magic
 v - a potion of ambrosia {unknown}
 z - 2 potions of heal wounds
 J - a potion of might
 O - 2 potions of brilliance
 W - a potion of haste
 X - a potion of cancellation {unknown}


   Skills:
 + Level 10.7 Fighting
 - Level 5.0 Polearms
 + Level 8.2 Dodging
 - Level 4.5 Stealth
 * Level 3.9 Unarmed Combat
 + Level 7.9 Spellcasting
 - Level 4.0 Evocations
 + Level 8.6 Shapeshifting


You had 16 spell levels left.
You knew the following spells:

 Your Spells              Type           Power      Damage    Failure   Level
a - Wereblood             Tmut           4%         N/A       9%          2
b - Blink                 Tloc           8%         N/A       9%          2
c - Call Canine Familiar  Summ           4%         N/A       17%         3
d - Frozen Ramparts       Ice            8%         1d2       17%         3

Your spell library contained the following spells:

 Spells                   Type           Power      Damage    Failure   Level
 Freeze                   Ice            16%        1d4       6%          1
 Sting                    Tmut/Pois      16%        1d3       6%          1
 Summon Small Mammal      Summ           16%        N/A       6%          1
 Ensorcelled Hibernation  Hex/Ice        8%         N/A       9%          2
 Lesser Beckoning         Tloc           8%         N/A       9%          2
 Momentum Strike          Conj/Tloc      8%         3d8       9%          2
 Poisonous Vapours        Pois/Air       8%         N/A       9%          2
 Scorch                   Fire           8%         2d5       9%          2
 Sublimation of Blood     Necr           4%         N/A       9%          2
 Gell's Gravitas          Tloc           4%         N/A       17%         3
 Hailstorm                Conj/Ice       4%         3d4       17%         3
 Summon Guardian Golem    Hex/Summ       4%         N/A       17%         3
 Teleport Other           Tloc           4%         N/A       17%         3
 Anguish                  Hex/Necr       2%         N/A       50%         4
 Flame Wave               Conj/Fire      4%         2d5       50%         4
 Olgreb's Toxic Radiance  Pois           4%         N/A       50%         4
 Dispersal                Tloc           2%         N/A       100%        6
 Summon Cactus Giant      Summ           2%         N/A       100%        6
 Summon Hydra             Summ           2%         N/A       100%        7


Dungeon Overview and Level Annotations

Branches:
Dungeon (11/15)            Temple (0/1) D:6            Lair (2/5) D:9
    Orc (0/2) D:11          Sewer (visited)          Bailey (visited)
  Swamp: Lair:2-3    Shoals: Lair:2-3     Snake: Lair:2-3    Spider: Lair:2-3

Shops:
D:4 :   D:11 *

Portals:
Gauntlet: Lair:2

Annotations:
D:4 1 runed translucent door, Crazy Yiuf
D:5 Prince Ribbit
D:9 3 runed translucent doors, Tollund's ghost, novice TrSh
D:10 2 transporters, CornPuffBuddha's ghost, novice MiHu
Lair:1 3 runed translucent doors, lunkers's ghost, journeyman MeWn


Innate Abilities, Weirdness & Mutations

You are an enormous anaconda.
You have a powerful constriction melee attack.
You are amphibious.
Your maximum health is increased.
Your armour is entirely melded.
You are incapable of wielding weapons or throwing items.
You have an increased reservoir of magic. (+10% MP)
You shall have no god before yourself.
Your divine heritage dramatically boosts your attributes as you level up.


Message History

Unknown command.
Unknown command.
Unknown command.
The yak bellows!
The wolf barely misses you. The wolf misses you.
Unknown command.
Unknown command.
Unknown command.
Unknown command.
Unknown command.
The wolf attacks as you move away! The wolf barely misses you.
The yak misses you. The elephant tramples you!
* * * LOW HITPOINT WARNING * * *
You hold your ground!
The elephant trunk-slaps you but does no damage.
The yak barely misses you.
Unknown command.
Unknown command.
Unknown command.
As you read the scroll of fear, it crumbles to dust.
You assume a fearsome visage.
The elephant looks frightened!
The elephant resists with some effort.
The elephant looks frightened!
The elephant easily resists.
The wolf looks frightened!
The yak looks frightened! x6; The elephant tramples you!
* * * LOW HITPOINT WARNING * * *
You hold your ground!
The elephant trunk-slaps you.
* * * LOW HITPOINT WARNING * * *
The elephant tramples you!
* * * LOW HITPOINT WARNING * * *
You stumble backwards!
Unknown command.
Unknown command.
Unknown command.
Unknown command.
Unknown command.
As you read the scroll of fear, it crumbles to dust.
You assume a fearsome visage.
The elephant resists with some effort.
The elephant looks frightened!
The elephant barely misses you. The elephant trunk-slaps you.
You die...

##..##..##...###P###.##...
#.#Y##................#...
##Y§#P.#..................
###Y##.##............#.#..
#..Y##.#.}................
###.##.##.................
#..#.#.^................
#..Y.Y..................
#......S..Y.h...........
##......Y...............
#...Y..Y...Y............
##..Y.∩..Y...?..........
#....##.....Y..........,
#....##.............,,,,
##...#............,,,,,,
*#..,##..#.###...*,**,,,
*,,,,,#####.,,..,,,,,,,,


You could see 4 elephants, 6 yaks and a wolf (fleeing).

Vanquished Creatures
  A two-headed ogre (D:9)
  Pikel (D:7)
  2 black mambas (Lair:1)
  Maggie (D:7)
  10 cane toads
  An unseen horror (D:6)
  A rime drake (D:9)
  2 kobold demonologists (D:9)
  Grinder (D:5)
  8 blink frogs
  21 yaks
  A wraith (D:10)
  A wyvern (D:7)
  2 steam dragons (D:8)
  2 basilisks
  3 wargs (D:9)
  4 water moccasins
  A black bear (Lair:1)
  16 orc warriors
  3 ogres
  12 wolves
  15 centaurs
  2 kobold brigands
  A lemure (D:7)
  2 nameless horrors
  3 gnoll sergeants
  8 bullfrogs
  4 scorpions
  16 wights
  An electric eel (D:9)
  6 howler monkeys
  A jelly (D:8)
  13 orc priests
  6 hounds
  A sleepcap (D:7)
  16 orc wizards
  2 iguanas (D:6)
  14 adders
  16 gnolls
  2 river rats (Sewer)
  A shadow imp (D:8)
  3 white imps
  3 ufetubi
  A worm (D:2)
  10 dart slugs
  85 orcs
  7 endoplasms
  3 giant cockroaches
  7 goblins
  7 hobgoblins
  2 jackals (Sewer)
  4 quokkas
  13 ball pythons
  8 bats
  4 frilled lizards
  21 kobolds
  3 rats
405 creatures vanquished.

Vanquished Creatures (collateral kills)
  An orc warrior (Bailey)
  2 orcs (D:10)
3 creatures vanquished.

Grand Total: 408 creatures vanquished

Notes
Turn   | Place    | Note
-------+----------+-------------------------------------------
     0 | D:5      | drugrobin the Demigod Delver began the quest for the Orb.
     0 | D:5      | Reached XP level 1. HP: 18/18 MP: 3/3
    83 | D:4      | Noticed an ogre
   122 | D:3      | Reached XP level 2. HP: 13/25 MP: 4/4
   362 | D:4      | Reached XP level 3. HP: 12/30 MP: 5/5
   396 | D:4      | Found a glowing drain.
   405 | Sewer    | Entered a sewer
   821 | Sewer    | Reached XP level 4. HP: 23/37 MP: 6/6
  1240 | D:4      | Found Daujeiwone's Book Shop.
  1653 | D:2      | Identified the +0 hand axe of Wimpag {heavy, Fragile rPois
                  | rC+++ Int+2}
  2393 | D:2      | Reached skill level 5 in Polearms
  2393 | D:2      | Reached XP level 5. HP: 42/42 MP: 7/7
  2598 | D:2      | HP: 2/42 [poisoned by a kobold]
  2755 | D:2      | Upgraded the game from 0.31-a0-246-g8cbcc1cb85 to
                  | 0.31-a0-263-ge8cad7f256
  2898 | D:2      | Reached skill level 3 in Fighting
  3226 | D:2      | Reached skill level 1 in Shapeshifting
  3943 | D:4      | Killed an ogre
  3944 | D:4      | Reached XP level 6. HP: 51/51 MP: 8/8
  4102 | D:4      | Noticed an angel
  4434 | D:4      | Found a runed translucent door.
  4435 | D:4      | Noticed Crazy Yiuf
  4621 | D:5      | Reached skill level 4 in Fighting
  4851 | D:5      | Noticed Prince Ribbit
  5356 | D:5      | Noticed Grinder
  5377 | D:5      | Killed Grinder
  5378 | D:5      | Reached XP level 7. HP: 60/60 MP: 9/9
  5595 | D:6      | Reached skill level 5 in Fighting
  6183 | D:6      | Reached skill level 6 in Fighting
  6417 | D:6      | Reached XP level 8. HP: 62/70 MP: 10/10
  6578 | D:6      | Found a staircase to the Ecumenical Temple.
  6894 | D:6      | Noticed an unseen horror
  6906 | D:6      | Killed an unseen horror
  6907 | D:6      | Reached skill level 7 in Fighting
  6907 | D:6      | Reached skill level 5 in Shapeshifting
  7454 | D:7      | Noticed Pikel
  7463 | D:7      | Killed Pikel
  7464 | D:7      | Reached XP level 9. HP: 61/80 MP: 11/11
  8045 | D:7      | Reached skill level 8 in Fighting
  8363 | D:7      | Noticed Maggie
  8413 | D:7      | Killed Maggie
  9015 | D:8      | Learned a level 2 spell: Wereblood
  9053 | D:8      | Reached skill level 5 in Dodging
  9296 | D:8      | Paralysed by an orc for 2 turns
  9376 | D:8      | Identified a scroll of acquirement
  9377 | D:8      | Acquired a manual of Spellcasting
  9682 | D:8      | Found the +6 shillelagh "Devastator" {shatter}
  9843 | D:8      | Learned a level 2 spell: Blink
  9892 | D:9      | Noticed a kobold demonologist
  9893 | D:9      | Noticed a kobold demonologist
  9895 | D:9      | Noticed a rust devil
  9909 | D:9      | Killed a kobold demonologist
  9910 | D:9      | Reached skill level 1 in Spellcasting
  9910 | D:9      | Reached XP level 10. HP: 75/90 MP: 9/14
  9911 | D:9      | Reached skill level 9 in Fighting
 10197 | D:9      | Reached skill level 1 in Evocations
 10306 | D:9      | Noticed a two-headed ogre
 10333 | D:9      | Killed a two-headed ogre
 10604 | D:9      | Found a staircase to the Lair.
 10673 | D:9      | Found a runed translucent gate.
 10674 | D:9      | Noticed Tollund's ghost (novice TrSh)
 10680 | D:9      | Found a runed translucent gate.
 10680 | D:9      | Found a runed translucent gate.
 11292 | D:10     | Entered Level 10 of the Dungeon
 11293 | D:10     | Noticed a moth of wrath
 11407 | D:10     | Found a flagged portal.
 11424 | Bailey   | Entered a bailey
 11592 | Bailey   | Learned a level 3 spell: Call Canine Familiar
 11596 | Bailey   | Learned a level 3 spell: Frozen Ramparts
 12936 | Bailey   | Reached XP level 11. HP: 86/99 MP: 22/22
 12964 | Bailey   | Reached skill level 5 in Spellcasting
 13384 | Bailey   | Identified the +7 rapier "Lataskav" {venom, Will- Int+5
                  | Dex+4}
 13953 | D:10     | Found a transporter.
 14021 | D:10     | Identified the +0 ring mail "Kiqimn" {-Tele Int+6}
 14227 | D:10     | Noticed CornPuffBuddha's ghost (novice MiHu)
 14240 | D:10     | Found a transporter.
 14365 | D:11     | Found Limoi's Assorted Antiques.
 14373 | D:11     | Bought a tubular onyx ring for 185 gold pieces
 15024 | D:11     | Found a staircase to the Orcish Mines.
 15132 | D:11     | Noticed a skeletal warrior
 15270 | Lair:1   | Entered Level 1 of the Lair of Beasts
 15905 | Lair:1   | Reached skill level 10 in Fighting
 16695 | Lair:1   | Found a runed translucent gate.
 16695 | Lair:1   | Found a runed translucent gate.
 16695 | Lair:1   | Found a runed translucent gate.
 16699 | Lair:1   | Noticed lunkers's ghost (journeyman MeWn)
 16849 | Lair:1   | Reached skill level 1 in Unarmed Combat
 17468 | Lair:1   | Acquired 621 gold pieces
 17668 | Lair:2   | Reached XP level 12. HP: 92/108 MP: 15/27
 17757 | Lair:2   | Found a gate leading to a gauntlet.
 17915 | Lair:2   | HP: 1/124 [elephant (11)]
 17916 | Lair:2   | Slain by an elephant

Illustrated notes

Levels and vault maps discovered:
D:1:      scummos_arrival_simple_crosswalls, layout_rooms,
          basic_ecumenical_altar, serial_forest,
          infiniplex_forest_clump_diagonal, infiniplex_forest_clump_C,
          infiniplex_forest_lined_3, infiniplex_forest_corner_2,
          infiniplex_forest_lined_corner, infiniplex_forest_clump_C
D:2:      layout_loops_ring, basic_altar, chequers_jeans,
          dreamdust_princess_bridge, serial_bayou_pond_b,
          kennysheep_generic_room_13
D:3:      kennysheep_slugbush, layout_basic, kennysheep_nondescript
D:4:      layout_rooms, zin_angel, minitemple, portal_sewer_entry_d,
          serial_shops, nicolae_shop_pleasant_corner_grove,
          uniq_crazy_yiuf_cottage
D:5:      layout_loops_ring, mainiacjoe_overflow_boulevard, st_stairs_3,
          uniq_grinder, uniq_prince_ribbit1
D:6:      layout_basic, grunt_temple_overflow_growth_and_decay,
          gammafunk_temple_overflow_elements, temple_hall,
          minmay_misc_feat_room, minmay_bent
D:7:      layout_gridville, bloody_trog, minmay_misc_feat_tiny, uniq_pikel,
          uniq_maggie
D:8:      layout_loops_ring, mainiacjoe_overflow_concentric_impassable
D:9:      layout_basic, erik_lair_orcish_takeover, ebering_ghost_rock_garden
D:10:     layout_roguey, mainiacjoe_overflow_catwalk,
          nicolae_sif_muna_condensation, nicolae_overflow_hidden_temple,
          nicolae_uskayaw_murder_on_the_dancefloor, enter_bailey_2,
          gammafunk_ghost_berserking_beasts, minivault_10
D:11:     erik_cavepeople, layout_gridville, hiddenorc2_lemuel, serial_shops,
          shop
Lair:1:   layout_gridlike, gammafunk_ghost_ooze, beast_lair_carwin_3
Lair:2:   layout_gridlike, gauntlet_entry_generic

Skill      XL: |  1  2  3  4  5  6  7  8  9 10 11 |
---------------+----------------------------------+-----
Polearms       | 2 3 4 5 |  5.0
Fighting       | 3 4 6 7 8 9 10 | 10.7
Shapeshifting  | 1 3 4 5 6 7 8 |  8.6
Dodging        | 3 5 6 8 |  8.2
Spellcasting   | 1 4 7 |  7.9
Evocations     | 3 4 |  4.0
Unarmed Combat | 3 |  3.9
Stealth        | |  4.5

Action                     |  1- 3 |  4- 6 |  7- 9 | 10-12 || total
---------------------------+-------+-------+-------+-------++-------
  Melee: Spear             |   139 |   254 |    35 |       ||   428
         Punch             |     1 |     6 |     6 |    12 ||    25
         Halberd           |       |    34 |       |       ||    34
         Dagger            |       |    14 |    29 |    15 ||    58
         Trident           |       |       |   287 |   487 ||   774
         Unarmed           |       |       |       |   141 ||   141
         Constrict         |       |       |       |    41 ||    41
         Bardiche          |       |       |       |    15 ||    15
  Throw: Boomerang         |       |     7 |    86 |       ||    93
         Dart              |       |     7 |     9 |    21 ||    37
         Javelin           |       |     2 |       |    11 ||    13
         Throwing net      |       |     2 |       |       ||     2
   Cast: Wereblood         |       |       |     3 |    22 ||    25
         Call Canine Famil |       |       |       |    27 ||    27
         Frozen Ramparts   |       |       |       |    17 ||    17
         Blink             |       |       |       |     5 ||     5
Ability: Begin Untransform |       |     1 |       |       ||     1
  Evoke: Wand              |       |    16 |    28 |     5 ||    49
    Use: Potion            |     1 |       |     1 |     4 ||     6
         Scroll            |       |       |     5 |    23 ||    28
   Stab: Sleeping          |     4 |    19 |       |     7 ||    30
         Paralysed         |       |       |       |     9 ||     9
         Distracted        |       |       |       |     2 ||     2
 Armour: Leather armour    |    39 |    40 |       |       ||    79
         Chain mail        |       |    51 |    88 |       ||   139
         Steam dragon scal |       |       |    17 |   136 ||   153
         Skin              |       |       |       |    64 ||    64
  Dodge: Dodged            |    76 |   131 |   122 |   490 ||   819
   Form: Beast             |       |     2 |       |       ||     2
         Anaconda          |       |       |       |     1 ||     1

Table legend: (Time is in decaauts)
 A = Elapsed time spent in this place.
 B = Non-inter-level travel time spent in this place.
 C = Inter-level travel time spent in this place.
 D = Time resting spent in this place.
 E = Time spent auto-exploring this place.
 F = Levels seen in this place.
 G = Mean time per level.
                   A        B        C        D        E       F      G
               +--------+--------+--------+--------+--------+-----+--------+
         Total |  18195 |  17316 |    879 |   3131 |   8829 |  15 | 1213.0 |
       Dungeon |  12846 |  12067 |    779 |   2348 |   6148 |  11 | 1167.8 |
          Lair |   2167 |   2067 |    100 |    208 |   1148 |   2 | 1083.5 |
         Sewer |    986 |    986 |      0 |    190 |    504 |   1 |  986.0 |
        Bailey |   2196 |   2196 |      0 |    385 |   1029 |   1 | 2196.0 |
               +--------+--------+--------+--------+--------+-----+--------+

Top non-repeatable levels by time:
  Bailey: 2196 daAuts
     D:9: 1853 daAuts
  Lair:1: 1843 daAuts
     D:7: 1815 daAuts
     D:6: 1540 daAuts
     D:2: 1197 daAuts
    D:10: 1162 daAuts
     D:8: 1079 daAuts
     D:4: 1060 daAuts
     D:3: 1027 daAuts
   Sewer: 986 daAuts
     D:5: 839 daAuts
    D:11: 660 daAuts
     D:1: 609 daAuts
  Lair:2: 323 daAuts
